AoeStats
← EeeZee3

Arabian Desert

510985734Analyzed
1v1 RM · 8h ago on Oct 3, 2026· 33m 8s· 2 players
Game mode
Random Map
Map size
Tiny (2 player)
Population
200
Speed
Normal
Resources
Standard
Victory
Conquest
Starting age
Dark Age
Ending age
Imperial Age
RankedLock teamsTeams togetherTeam positionsShared explorationLock speedFull tech treeHidden civsTurbo modeCheats
Victory
Defeat
🇫🇷 Huns · France
592
+16
🇨🇭 Saxons · Switzerland
601
-16
*OB1*
1:52 Loom
3:58 Loom
10:20 Feudal Age
10:50 Double-Bit Axe
11:01 Gold Mining
12:26 Wheelbarrow
15:33 Fletching
15:44 Padded Archer Armor
18:26 Stone Mining
18:18 Horse Collar
24:56 Castle Age
23:27 Forging
24:09 Bloodlines
24:18 Scale Barding Armor
26:35 Gold Shaft Mining
26:09 Heavy Plow
30:00 Ballistics
EeeZee3
0:25 Loom
14:05 Feudal Age
15:19 Double-Bit Axe
15:17 Horse Collar
15:01 Man-at-Arms
16:42 Fletching
17:38 Town Watch
19:21 Wheelbarrow
19:53 Scale Mail Armor
20:04 Forging
26:35 Castle Age
25:08 Gold Mining
25:10 Arson
27:24 Pikeman
28:07 Squires
27:53 Gambesons
28:29 Chain Mail Armor
28:36 Bow Saw
28:31 Heavy Plow
30:10 Bodkin Arrow
30:52 Iron Casting
30:19 Treadmill Crane
32:07 Ballistics
Connection lost

Rejoining the realm…

Still unreachable

The connection could not be restored.

Session expired

The server has moved on; the page needs a fresh start.